[Event "Sunday 14 January 2nd Tour 7+2 Rounds 9 Starts 2200 ST"]
[Site "Infinity Chess"]
[Date "2018.1.14"]
[Round "3"]
[White "IronMan"]
[Black "ocirema"]
[Result "1/2-1/2"]
[ECO "D31"]
[WhiteElo "2474"]
[BlackElo "2472"]
[WhiteEngine "Stockfish SL FA PB BMI2"]
[BlackEngine "asmFishW_2018-01-12_popcnt_CTG"]
[EventType "Swiss"]
[WhiteTeam ""]
[BlackTeam ""]
[PlyCount "106"]
[TimeControl "420+2"]

1. d4 d5 2. c4 e6 3. Nc3 c6 4. e4 dxe4 5. Nxe4 Bb4+ 6. Nc3 c5 7. Nf3 Nf6 
8. Be2 cxd4 9. Nxd4 O-O 10. O-O Bxc3 11. bxc3 a6 12. Bf4 Re8 13. Nf3 Qa5 
14. Bd6 Bd7 15. Re1 Bc6 16. Ne5 Nfd7 17. Bd3 Nxe5 18. Rxe5 Qd8 19. Re3 Nd7 
20. c5 g6 21. Qg4 Qa5 22. Qb4 Qxb4 23. cxb4 Nf6 24. Bf1 Nd5 25. Rb3 Ba4 
26. Rb2 f6 27. h4 Rad8 28. g4 h5 29. g5 fxg5 30. hxg5 Kf7 31. Bd3 Rd7 
32. Re1 Bc6 33. Kh2 Nc3 34. Rc2 Nb5 35. Bxb5 axb5 36. Re3 e5 37. Bxe5 Rd1 
38. f3 Rf1 39. Rcc3 Rf2+ 40. Kg3 Rxa2 41. Rcd3 Rc2 42. Kh3 Rf2 43. Kg3 Rc2 
44. Rd1 Re6 45. Rd8 Rc4 46. f4 Rxb4 47. Rh8 Rc4 48. Rh7+ Ke8 49. Rd3 Rxc5 
50. Rh8+ Kf7 51. Rh7+ Ke8 52. Rh8+ Kf7 53. Rh7+ Ke8 1/2-1/2

[Event "Sunday 14 January 2nd Tour 7+2 Rounds 9 Starts 2200 ST"]
[Site "Infinity Chess"]
[Date "2018.1.14"]
[Round "3"]
[White "Dovahkiin"]
[Black "CoffeeOne"]
[Result "1/2-1/2"]
[ECO "D00"]
[WhiteElo "2412"]
[BlackElo "2560"]
[WhiteEngine "BrainFish_180113_x64_modern_CTG"]
[BlackEngine "Houdini 6"]
[EventType "Swiss"]
[WhiteTeam ""]
[BlackTeam ""]
[PlyCount "140"]
[TimeControl "420+2"]

1. d4 d5 2. Bf4 Nf6 3. e3 c5 4. c3 e6 5. Nd2 Nc6 6. Ngf3 Bd6 7. Bg3 O-O 
8. Bd3 b6 9. Ne5 Bb7 10. Qe2 Qc7 11. Nxc6 Bxc6 12. Bxd6 Qxd6 13. Nf3 c4 
14. Bc2 b5 15. Ne5 a5 16. O-O b4 17. f4 Be8 18. g4 Nd7 19. g5 bxc3 20. bxc3 Qa3 
21. Qd2 Nxe5 22. fxe5 Rb8 23. Qc1 Qxc1 24. Raxc1 Rb2 25. Rf2 g6 26. Bd1 Rb7 
27. Bg4 Bc6 28. Rcf1 Rfb8 29. h4 a4 30. h5 a3 31. h6 Ba4 32. Bh3 Re7 33. Bg2 Bc6 
34. Bf3 Rb6 35. Bg4 Rbb7 36. Kg2 Kf8 37. Kg3 Rb2 38. Rxb2 axb2 39. Rb1 Rb7 
40. Bd1 Ke7 41. Kf2 Bd7 42. Ke1 Rb8 43. Kd2 Bc6 44. Bc2 Be8 45. Ke2 Bd7 
46. a4 Kd8 47. a5 Kc7 48. e4 dxe4 49. Bxe4 Rb5 50. Bc2 Bc6 51. Rf1 Be8 
52. Rb1 Bc6 53. a6 Kb8 54. Rf1 Be8 55. Rb1 Rb6 56. Be4 Bd7 57. Kd2 Ka7 
58. Rf1 Be8 59. Kc2 Kxa6 60. Kb1 Rb3 61. Rf3 Rb5 62. Rf2 Rb3 63. Rf3 Rb5 
64. Bc2 Ka5 65. Rf2 Rb7 66. Be4 Rb3 67. Rf3 Rb8 68. Rf2 Rb3 69. Rf3 Rb5 
70. Rf2 Rb3 1/2-1/2

[Event "Sunday 14 January 2nd Tour 7+2 Rounds 9 Starts 2200 ST"]
[Site "Infinity Chess"]
[Date "2018.1.14"]
[Round "3"]
[White "MiKachomiKa QueeN"]
[Black "MarioDeMonti"]
[Result "1/2-1/2"]
[ECO "C50"]
[WhiteElo "2462"]
[BlackElo "2475"]
[WhiteEngine "Raubfisch X37b1_CTG"]
[BlackEngine "stockfish_x64_bmi2_2018_01_01_CTG"]
[EventType "Swiss"]
[WhiteTeam ""]
[BlackTeam ""]
[PlyCount "119"]
[TimeControl "420+2"]

1. e4 e5 2. Nf3 Nc6 3. Bc4 Bc5 4. d3 Nf6 5. c3 d6 6. O-O O-O 7. Nbd2 a5 
8. Re1 h6 9. Bb5 Na7 10. Ba4 b5 11. Bc2 Nc6 12. Nf1 a4 13. d4 Bb6 14. h3 Re8 
15. Ng3 Bd7 16. Be3 Rb8 17. Qc1 Kh8 18. Rd1 Qe7 19. b3 axb3 20. axb3 Qf8 
21. Qd2 Kg8 22. b4 Ra8 23. Bd3 exd4 24. cxd4 Rxa1 25. Rxa1 d5 26. e5 Ne4 
27. Nxe4 dxe4 28. Bxe4 Qxb4 29. Qd1 Ne7 30. g4 Qc3 31. Rc1 Qa3 32. Qe1 Qa2 
33. Rc2 Qe6 34. d5 Nxd5 35. Bxb6 Nxb6 36. Rxc7 Rb8 37. Qa1 g6 38. Qc1 Kg7 
39. Qc5 Qc4 40. Qxc4 bxc4 41. Nd4 Kf8 42. f4 Rd8 43. Ne2 g5 44. Kf2 gxf4 
45. Kf3 Ke8 46. Ra7 Be6 47. Nxf4 c3 48. Rc7 Rd4 49. Rxc3 Nc4 50. Bh7 Nxe5+ 
51. Kg3 Ke7 52. Re3 Kd6 53. Nxe6 fxe6 54. Rc3 Rd2 55. Kh4 Rd4 56. Kh5 Ke7 
57. Kxh6 Nxg4+ 58. hxg4 Rxg4 59. Kh5 Rg1 60. Rc6 1/2-1/2

[Event "Sunday 14 January 2nd Tour 7+2 Rounds 9 Starts 2200 ST"]
[Site "Infinity Chess"]
[Date "2018.1.14"]
[Round "3"]
[White "incredible"]
[Black "miguello"]
[Result "1-0"]
[ECO "E10"]
[WhiteElo "2487"]
[BlackElo "2403"]
[WhiteEngine "Stockfish_x64_bmi2"]
[BlackEngine "stockfish_18011309_x64_modern_CTG"]
[EventType "Swiss"]
[WhiteTeam ""]
[BlackTeam ""]
[PlyCount "173"]
[TimeControl "420+2"]

1. d4 Nf6 2. c4 e6 3. Nf3 d5 4. Nc3 c6 5. Bg5 dxc4 6. e4 b5 7. e5 h6 8. Bh4 g5 
9. Nxg5 hxg5 10. Bxg5 Nbd7 11. exf6 Bb7 12. g3 c5 13. d5 Qb6 14. Bg2 O-O-O 
15. O-O b4 16. Na4 Qa6 17. a3 Bxd5 18. Bxd5 Ne5 19. axb4 Rxd5 20. Qe2 cxb4 
21. Nc3 Qd6 22. Nxd5 Qxd5 23. f3 Bc5+ 24. Kg2 Nd3 25. h4 Rd8 26. Rfd1 Kb7 
27. Rac1 a5 28. Qe4 Qxe4 29. fxe4 Rc8 30. Rxc4 Nxb2 31. Rd7+ Kc6 32. Rxc5+ Kxd7 
33. Rxc8 Kxc8 34. h5 Nd3 35. h6 Ne5 36. h7 Ng6 37. Kh3 a4 38. Bd2 a3 39. Bxb4 a2 
40. Bc3 Kd8 41. Kg4 Nh8 42. Bb2 Ng6 43. Kf3 Kd7 44. Ke3 Kc6 45. Kd4 Kb5 
46. Kc3 Kb6 47. Kb3 Kb5 48. Kxa2 Kc4 49. Ba3 Kd4 50. Bf8 Kxe4 51. Kb3 Kf3 
52. Bg7 Kxg3 53. h8=Q Nxh8 54. Bxh8 Kf4 55. Kc3 Kg5 56. Bg7 Kg6 57. Kc4 Kf5 
58. Kd4 e5+ 59. Ke3 e4 60. Kd4 Kf4 61. Bf8 Kf5 62. Be7 Kf4 63. Bd8 Kf5 
64. Ke3 Ke5 65. Kf2 Ke6 66. Kg3 Kf5 67. Kh4 e3 68. Kg3 Ke4 69. Kg4 e2 
70. Ba5 Ke5 71. Kg5 Ke6 72. Bc3 Kd5 73. Kh6 Kc4 74. Be1 Kd5 75. Kg7 Ke6 
76. Ba5 Kd7 77. Kxf7 Kd6 78. Be1 Ke5 79. Kg7 Kd4 80. f7 Ke5 81. f8=Q Kd4 
82. Qd6+ Ke4 83. Kf6 Kf3 84. Qd3+ Kg2 85. Qg3+ Kh1 86. Bf2 e1=Q 87. Qh3# 1-0

[Event "Sunday 14 January 2nd Tour 7+2 Rounds 9 Starts 2200 ST"]
[Site "Infinity Chess"]
[Date "2018.1.14"]
[Round "3"]
[White "Coco69"]
[Black "Thinker"]
[Result "1/2-1/2"]
[ECO "C50"]
[WhiteElo "2498"]
[BlackElo "2486"]
[WhiteEngine "asmfishw_2018-01-12_base"]
[BlackEngine "BrainFish_180106_x64_modern_CTG"]
[EventType "Swiss"]
[WhiteTeam ""]
[BlackTeam ""]
[PlyCount "112"]
[TimeControl "420+2"]

1. e4 e5 2. Nf3 Nc6 3. Bc4 Bc5 4. O-O Nf6 5. d3 d6 6. c3 O-O 7. Bg5 h6 8. Bh4 a5 
9. Nbd2 g5 10. Bg3 Kg7 11. a3 Bb6 12. Bb3 Ba7 13. Ba4 Nh7 14. h3 h5 15. Kh1 Rh8 
16. Nc4 g4 17. Ng1 Be6 18. Qe2 h4 19. Bh2 Nf6 20. Rae1 Rh7 21. Ne3 Qd7 
22. d4 exd4 23. cxd4 Bxd4 24. Qd3 Bxe3 25. Qxe3 Rh6 26. e5 Nd5 27. Qd2 dxe5 
28. Rxe5 f6 29. Re2 gxh3 30. Nxh3 Rd8 31. Rg1 Bf5 32. Nf4 Nb6 33. Qxd7+ Rxd7 
34. Bxc6 bxc6 35. Rc1 h3 36. Kg1 c5 37. f3 c4 38. g4 Bd3 39. Rd2 a4 40. Bg3 Rh8 
41. Bf2 Rb8 42. Bxb6 Rxb6 43. Rxc4 Bxc4 44. Rxd7+ Bf7 45. Rxc7 Rxb2 46. Nxh3 Rb3 
47. Kf2 Rxa3 48. Ra7 Kf8 49. Nf4 Ra1 50. Ra8+ Ke7 51. Ra7+ Kf8 52. Nh5 a3 
53. Ra8+ Ke7 54. Ra7+ Kf8 55. Ra8+ Ke7 56. Ra7+ Kf8 1/2-1/2

[Event "Sunday 14 January 2nd Tour 7+2 Rounds 9 Starts 2200 ST"]
[Site "Infinity Chess"]
[Date "2018.1.14"]
[Round "3"]
[White "Murx"]
[Black "CrossingJordan"]
[Result "1/2-1/2"]
[ECO "A06"]
[WhiteElo "2497"]
[BlackElo "2510"]
[WhiteEngine "BrainFish_171226_x64_modern"]
[BlackEngine "asmFishW_2017-12-20_bmi2_CTG"]
[EventType "Swiss"]
[WhiteTeam ""]
[BlackTeam ""]
[PlyCount "95"]
[TimeControl "420+2"]

1. Nf3 d5 2. d4 Nf6 3. c4 e6 4. Nc3 c6 5. Bg5 h6 6. Bxf6 Qxf6 7. e3 Nd7 
8. Bd3 dxc4 9. Bxc4 g6 10. a4 Bg7 11. O-O O-O 12. a5 Qe7 13. Qb3 Rb8 
14. Rfd1 Rd8 15. h3 b5 16. axb6 axb6 17. Ra7 Bb7 18. Ba6 Bxa6 19. Rxa6 c5 
20. Ra7 Qe8 21. d5 exd5 22. Nxd5 b5 23. Nc7 Qe4 24. Nxb5 Qc6 25. Qd5 Qxb5 
26. Rxd7 Qxd7 27. Qxd7 Rxd7 28. Rxd7 Rxb2 29. Rc7 Rb1+ 30. Kh2 Rc1 31. h4 c4 
32. g3 c3 33. Rc8+ Kh7 34. Rc7 Kg8 35. Kh3 Kf8 36. Kg2 h5 37. Ng5 Be5 
38. Rc5 Bg7 39. Kf3 Ke8 40. Ne4 Ke7 41. Rc7+ Kd8 42. Rc4 Ke7 43. Rc7+ Kd8 
44. Rc4 Ke8 45. Nc5 Rd1 46. Ne4 Rc1 47. Rc5 Ke7 48. Rc7+ 1/2-1/2

[Event "Sunday 14 January 2nd Tour 7+2 Rounds 9 Starts 2200 ST"]
[Site "Infinity Chess"]
[Date "2018.1.14"]
[Round "3"]
[White "RonWeasley"]
[Black "xeonrocks"]
[Result "1/2-1/2"]
[ECO "C53"]
[WhiteElo "2525"]
[BlackElo "2586"]
[WhiteEngine "BrainFish 130117_CTG"]
[BlackEngine "asmFishW_bmi2_CTG"]
[EventType "Swiss"]
[WhiteTeam ""]
[BlackTeam ""]
[PlyCount "114"]
[TimeControl "420+2"]

1. e4 e5 2. Nf3 Nc6 3. Bc4 Bc5 4. c3 Nf6 5. d3 d6 6. Bb3 a5 7. O-O O-O 8. a4 h6 
9. h3 Bb6 10. Re1 Be6 11. Nbd2 Ba7 12. Nc4 Re8 13. Be3 Bxe3 14. Nxe3 Qd7 
15. Bxe6 Qxe6 16. Nh4 Rad8 17. Nhf5 d5 18. exd5 Nxd5 19. Qf3 Kh7 20. d4 Nxe3 
21. Rxe3 g6 22. Ng3 f5 23. dxe5 Nxe5 24. Qf4 Qc4 25. Ne2 Qxf4 26. Nxf4 Nc4 
27. Rxe8 Rxe8 28. Rd1 Nxb2 29. Rd7+ Kg8 30. Rxc7 g5 31. Rxb7 Nxa4 32. Nd5 Nc5 
33. Nf6+ Kf8 34. Rb5 Re1+ 35. Kh2 Nd3 36. Rxf5 a4 37. Ng4+ Ke8 38. Ra5 Ra1 
39. Kg3 a3 40. Ne3 Ra2 41. Nd5 Nxf2 42. Nb4 Nh1+ 43. Kh2 Ra1 44. Nc2 Ra2 
45. Nxa3 Nf2 46. Nc4 Rxa5 47. Nxa5 Kd7 48. Kg3 Ne4+ 49. Kg4 Nxc3 50. Nb3 Ke6 
51. Kh5 Ke5 52. Nc5 Kd4 53. Nd7 Nd5 54. Kxh6 Nf4 55. Kxg5 Nxg2 56. Nf8 Ke5 
57. h4 Nxh4 1/2-1/2

[Event "Sunday 14 January 2nd Tour 7+2 Rounds 9 Starts 2200 ST"]
[Site "Infinity Chess"]
[Date "2018.1.14"]
[Round "3"]
[White "Thor"]
[Black "Vimtiroba"]
[Result "1/2-1/2"]
[ECO "C50"]
[WhiteElo "2590"]
[BlackElo "2539"]
[WhiteEngine "asmFishW_bmi2"]
[BlackEngine "CFish@13_CTG"]
[EventType "Swiss"]
[WhiteTeam ""]
[BlackTeam ""]
[PlyCount "88"]
[TimeControl "420+2"]

1. e4 e5 2. Nf3 Nc6 3. Bc4 Bc5 4. O-O Nf6 5. d3 d6 6. c3 a5 7. Re1 O-O 
8. Nbd2 Ba7 9. Nf1 Be6 10. Bb5 Ne7 11. d4 exd4 12. Nxd4 Ng6 13. Ba4 h6 
14. Nxe6 fxe6 15. Be3 Bxe3 16. Nxe3 Kh8 17. f3 Nh5 18. g3 b5 19. Bc2 Qg5 
20. Ng4 Rad8 21. Qc1 Nf6 22. Qxg5 hxg5 23. Nf2 Ne5 24. Bd1 a4 25. Nh3 g4 
26. fxg4 Nd3 27. Re2 Nxg4 28. b3 Ra8 29. Ng5 axb3 30. Bxb3 Nc5 31. Bxe6 Ne5 
32. Rb1 Rf6 33. Bd5 Raf8 34. h4 g6 35. Kg2 Ncd3 36. Rd2 Rf2+ 37. Rxf2 Rxf2+ 
38. Kg1 c6 39. Bb3 Nf3+ 40. Nxf3 Rxf3 41. Kg2 Rf2+ 42. Kg1 Rf3 43. Kg2 Rf2+ 
44. Kg1 Rf3 1/2-1/2

[Event "Sunday 14 January 2nd Tour 7+2 Rounds 9 Starts 2200 ST"]
[Site "Infinity Chess"]
[Date "2018.1.14"]
[Round "3"]
[White "beka"]
[Black "SkyPilot"]
[Result "1/2-1/2"]
[ECO "C65"]
[WhiteElo "2362"]
[BlackElo "2551"]
[WhiteEngine "stockfish_18011309_x64_CTG"]
[BlackEngine "stockfish_x64_bmi2_2018_01_01_CTG"]
[EventType "Swiss"]
[WhiteTeam ""]
[BlackTeam ""]
[PlyCount "98"]
[TimeControl "420+2"]

1. e4 e5 2. Nf3 Nc6 3. Bb5 Nf6 4. O-O Nxe4 5. d4 Nd6 6. Bxc6 dxc6 7. dxe5 Nf5 
8. Qxd8+ Kxd8 9. Rd1+ Ke8 10. Nc3 Ne7 11. Bf4 Ng6 12. Bg3 h5 13. h3 Be6 
14. Bh2 Bb4 15. Nd4 Bxc3 16. bxc3 Ne7 17. a4 g5 18. a5 Rc8 19. Rdb1 b6 
20. axb6 axb6 21. Ra7 Nd5 22. c4 Ne7 23. c5 bxc5 24. Nb3 c4 25. Nc5 Nd5 
26. Ra6 Ke7 27. Rxc6 Rb8 28. Ra1 Rb4 29. f4 gxf4 30. Bxf4 Nxf4 31. Rxc7+ Kd8 
32. Nxe6+ Nxe6 33. Rxf7 Kc8 34. Ra8+ Rb8 35. Ra4 Rb1+ 36. Kh2 Kb8 37. Rxc4 Rc8 
38. Rxc8+ Kxc8 39. Rh7 h4 40. Rxh4 Kd7 41. Rc4 Re1 42. g4 Re2+ 43. Kg3 Rxe5 
44. Kf2 Kd6 45. h4 Rc5 46. Rxc5 Nxc5 47. Kf3 Ke5 48. Ke3 Ne4 49. c4 Nc5 1/2-1/2

[Event "Sunday 14 January 2nd Tour 7+2 Rounds 9 Starts 2200 ST"]
[Site "Infinity Chess"]
[Date "2018.1.14"]
[Round "3"]
[White "THE_MACHINE"]
[Black "Seliga"]
[Result "1/2-1/2"]
[ECO "C50"]
[WhiteElo "2573"]
[BlackElo "2525"]
[WhiteEngine "Houdini 6"]
[BlackEngine "SF@130118_CTG"]
[EventType "Swiss"]
[WhiteTeam ""]
[BlackTeam ""]
[PlyCount "190"]
[TimeControl "420+2"]

1. e4 e5 2. Nf3 Nc6 3. Bc4 Bc5 4. O-O Nf6 5. d3 d6 6. c3 a5 7. Re1 O-O 
8. Nbd2 Ba7 9. h3 Be6 10. Bb5 Ne7 11. d4 Ng6 12. Ba4 Nh5 13. Nf1 c6 14. Bc2 Nhf4 
15. Ng3 f6 16. Nf5 d5 17. Be3 Qd7 18. dxe5 fxe5 19. Bxa7 Rxa7 20. Ng5 Bxf5 
21. exf5 Rxf5 22. Bxf5 Qxf5 23. Qg4 Qxg4 24. hxg4 e4 25. f3 h6 26. Nh3 Nxh3+ 
27. gxh3 Ne5 28. fxe4 Nf3+ 29. Kf2 Nxe1 30. Rxe1 dxe4 31. Rxe4 Kf7 32. Ke2 a4 
33. Kd3 Ra5 34. a3 Kf6 35. Kc2 Kg5 36. Re7 g6 37. Rxb7 Kh4 38. Rg7 g5 
39. Rh7 Kxh3 40. Rxh6+ Kxg4 41. Rxc6 Rf5 42. Ra6 Kf3 43. Rxa4 g4 44. b4 g3 
45. Ra7 g2 46. Rg7 Rf4 47. Rxg2 Kxg2 48. a4 Kf3 49. Kb3 Kg4 50. a5 Kf5 
51. c4 Rf1 52. b5 Ke6 53. a6 Ra1 54. Kb4 Kd6 55. Kc3 Kc5 56. Kb2 Ra4 57. Kb3 Ra5 
58. Kc3 Ra2 59. Kb3 Ra5 60. Kc3 Ra3+ 61. Kb2 Rd3 62. Kc2 Rh3 63. Kb2 Rg3 
64. Kc2 Ra3 65. Kb2 Rd3 66. Kc2 Rh3 67. Kb2 Re3 68. Kc2 Re4 69. Kb3 Kb6 
70. Kc3 Re3+ 71. Kc2 Rf3 72. Kb2 Rf1 73. Kc2 Re1 74. Kb2 Rf1 75. Kc2 Ra1 
76. Kb2 Rg1 77. Kc2 Rf1 78. Kb2 Rg1 79. Kc2 Rf1 80. Kb2 Re1 81. Kc2 Kc5 
82. Kb2 Kb6 83. Kc2 Re2+ 84. Kb3 Re3+ 85. Kc2 Re1 86. Kb2 Rh1 87. Kc2 Kc5 
88. Kb2 Kb6 89. Kc2 Rh3 90. Kb2 Rf3 91. Kc2 Rh3 92. Kb2 Rf3 93. Kc2 Kc7 
94. Kb2 Rf1 95. Kc2 Ra1 1/2-1/2

[Event "Sunday 14 January 2nd Tour 7+2 Rounds 9 Starts 2200 ST"]
[Site "Infinity Chess"]
[Date "2018.1.14"]
[Round "2"]
[White "MedusaV2"]
[Black "incredible"]
[Result "1/2-1/2"]
[ECO "A00"]
[WhiteElo "2420"]
[BlackElo "2490"]
[WhiteEngine "corchess_1.8.1_x64"]
[BlackEngine "Stockfish_x64_bmi2"]
[EventType "Swiss"]
[WhiteTeam ""]
[BlackTeam ""]
[PlyCount "220"]
[TimeControl "420+2"]

1. a3 c5 2. e4 Nc6 3. Nf3 Nf6 4. Nc3 d6 5. d4 cxd4 6. Nxd4 e6 7. Be3 Be7 
8. Nb3 O-O 9. Be2 a6 10. f4 b5 11. O-O Rb8 12. Bf3 Nd7 13. g3 Nb6 14. Bf2 Nc4 
15. Rb1 Bb7 16. Qe2 Bf6 17. Nd1 e5 18. c3 exf4 19. gxf4 Ne7 20. Ne3 Ng6 
21. Ng2 Re8 22. Rbd1 Qc7 23. Qc2 Re7 24. Rfe1 Rbe8 25. Nd2 h6 26. Nxc4 bxc4 
27. Rd2 a5 28. h3 Nf8 29. Kh2 Ne6 30. Qd1 Ba8 31. Kh1 Nf8 32. Rde2 Bc6 
33. Bd4 Nd7 34. Re3 Re6 35. a4 Bb7 36. Kh2 Bd8 37. Kg1 Ba8 38. Qe2 Bf6 
39. Qd1 Nc5 40. Bg4 Rxe4 41. Bxf6 Rxe3 42. Rxe3 Rxe3 43. Nxe3 Qb7 44. Qf3 Qxf3 
45. Bxf3 Bxf3 46. Be7 Nxa4 47. Nxc4 d5 48. Ne5 Be2 49. Ba3 Bb5 50. Ng4 Nb6 
51. Ne3 a4 52. Bc5 Nd7 53. Bd6 Bc6 54. Kf2 Nf6 55. Ke2 Ne4 56. Bb4 g6 57. h4 f6 
58. Nc2 Bb5+ 59. Ke3 Bc4 60. Nd4 Kf7 61. Kf3 Ba2 62. Ke3 Bc4 63. Kf3 Ke8 
64. Nc6 Bb3 65. Ne7 Nd2+ 66. Ke2 Nc4 67. Nxd5 Kf7 68. Ne3 Nxb2 69. Ba3 Nc4 
70. Nxc4 Bxc4+ 71. Ke3 h5 72. Kd4 Be2 73. c4 Ke6 74. Kc3 Bf3 75. Bc5 Bc6 
76. Kb4 Kf7 77. Bb6 Be8 78. Bd4 Ke6 79. Bg1 Bd7 80. Bc5 Bc6 81. Bb6 Be8 
82. Bg1 Bc6 83. Bd4 Ke7 84. Kc5 Bd7 85. Kb4 Ke6 86. Bf2 Kf5 87. Bd4 Be8 
88. Bc3 Ke6 89. Bd4 Kf5 90. Bc3 Ke6 91. Bd4 Kf7 92. Bf2 Bc6 93. Bd4 Ke6 
94. Kc5 Bd7 95. Kb4 Ke7 96. Bc5+ Kf7 97. Bd4 Bc6 98. c5 Be8 99. Kc4 Ke6 
100. Bb2 Bd7 101. Bc3 a3 102. Kb3 a2 103. Kxa2 f5 104. Kb3 Kd5 105. Bg7 Kxc5 
106. Kc2 Kd5 107. Kd3 Bb5+ 108. Ke3 Ke6 109. Ba1 Ba6 110. Bb2 Bc4 1/2-1/2

[Event "Sunday 14 January 2nd Tour 7+2 Rounds 9 Starts 2200 ST"]
[Site "Infinity Chess"]
[Date "2018.1.14"]
[Round "2"]
[White "MiKachomiKa QueeN"]
[Black "Dovahkiin"]
[Result "1/2-1/2"]
[ECO "B08"]
[WhiteElo "2464"]
[BlackElo "2410"]
[WhiteEngine "Raubfisch X37b1_CTG"]
[BlackEngine "BrainFish_180113_x64_modern_CTG"]
[EventType "Swiss"]
[WhiteTeam ""]
[BlackTeam ""]
[PlyCount "126"]
[TimeControl "420+2"]

1. e4 Nf6 2. e5 Nd5 3. d4 d6 4. c4 Nb6 5. exd6 cxd6 6. Nf3 g6 7. Be2 Bg7 
8. a4 O-O 9. a5 N6d7 10. O-O Nc6 11. d5 Nxa5 12. Ra2 Qc7 13. Be3 a6 14. Na3 b6 
15. Nd4 Ne5 16. b3 f5 17. Qd2 Bd7 18. h3 Nf7 19. b4 Nb7 20. f4 a5 21. Nab5 Qc8 
22. Rfa1 g5 23. fxg5 Ne5 24. Rb1 Nd8 25. Bf2 Nb7 26. h4 f4 27. Ra3 f3 
28. gxf3 axb4 29. Rxa8 Qxa8 30. Nc7 Qa3 31. Qxb4 Nxf3+ 32. Nxf3 Rxf3 
33. Bxf3 Qxf3 34. Qb3 Qf5 35. Qd1 Be5 36. Rb3 Na5 37. Rd3 Nxc4 38. Qf3 h6 
39. gxh6 Kh7 40. Qxf5+ Bxf5 41. Rb3 Kxh6 42. Rb4 Bd3 43. Na8 Kh5 44. Nxb6 Nd2 
45. Nd7 Bc3 46. Rf4 Bb5 47. Nb6 Be5 48. Rb4 Bd3 49. Nd7 Bc3 50. Ra4 Bg7 
51. Rf4 Be4 52. Rf7 Bc3 53. Rf4 Bg7 54. Kh2 Bh6 55. Rf7 Kg4 56. Rxe7 Bf4+ 
57. Kg1 Kh3 58. Bd4 Bg3 59. h5 Nf3+ 60. Kh1 Ne5+ 61. Kg1 Nf3+ 62. Kh1 Ne5+ 
63. Kg1 Nf3+ 1/2-1/2

[Event "Sunday 14 January 2nd Tour 7+2 Rounds 9 Starts 2200 ST"]
[Site "Infinity Chess"]
[Date "2018.1.14"]
[Round "2"]
[White "MarioDeMonti"]
[Black "ocirema"]
[Result "1/2-1/2"]
[ECO "D31"]
[WhiteElo "2475"]
[BlackElo "2472"]
[WhiteEngine "stockfish_x64_bmi2_2018_01_01_CTG"]
[BlackEngine "asmFishW_2018-01-12_popcnt_CTG"]
[EventType "Swiss"]
[WhiteTeam ""]
[BlackTeam ""]
[PlyCount "99"]
[TimeControl "420+2"]

1. d4 d5 2. c4 e6 3. Nc3 c6 4. e4 dxe4 5. Nxe4 Bb4+ 6. Bd2 Qxd4 7. Bxb4 Qxe4+ 
8. Be2 Na6 9. Ba5 b6 10. Qd6 Bd7 11. Bc3 f6 12. Nf3 Nh6 13. Rd1 Rd8 14. Qa3 Bc8 
15. Nd2 Qf4 16. Bh5+ Nf7 17. O-O c5 18. Qa4+ Ke7 19. Rfe1 Ng5 20. Re3 Rd6 
21. Rde1 Rhd8 22. Nf3 Kf8 23. a3 Nf7 24. h3 Rd3 25. Rxd3 Rxd3 26. Qc2 Qxc4 
27. Nd2 Qd5 28. Be2 Bb7 29. f3 Rd4 30. Bxd4 Qxd4+ 31. Kh1 Nc7 32. b4 Nd5 
33. bxc5 Qf2 34. Qc1 Nf4 35. Bf1 Ne5 36. cxb6 axb6 37. Rd1 Nh5 38. Bb5 g5 
39. Qc7 Bxf3 40. Qd8+ Kg7 41. Qe7+ Kg6 42. Bd3+ Nxd3 43. Nxf3 Ng3+ 44. Kh2 Nf1+ 
45. Kh1 Nf4 46. Qe8+ Kh6 47. Qf8+ Kg6 48. Qe8+ Kh6 49. Qf8+ Kg6 50. Qe8+ 1/2-1/2

[Event "Sunday 14 January 2nd Tour 7+2 Rounds 9 Starts 2200 ST"]
[Site "Infinity Chess"]
[Date "2018.1.14"]
[Round "2"]
[White "miguello"]
[Black "IronMan"]
[Result "1/2-1/2"]
[ECO "D44"]
[WhiteElo "2400"]
[BlackElo "2477"]
[WhiteEngine "stockfish_18011309_x64_modern_CTG"]
[BlackEngine "Stockfish SL FA PB BMI2"]
[EventType "Swiss"]
[WhiteTeam ""]
[BlackTeam ""]
[PlyCount "85"]
[TimeControl "420+2"]

1. d4 d5 2. c4 e6 3. Nc3 Nf6 4. Nf3 c6 5. Bg5 dxc4 6. e4 b5 7. e5 h6 8. Bh4 g5 
9. Nxg5 hxg5 10. Bxg5 Nbd7 11. Qf3 Bb7 12. Be2 Qc7 13. Bxf6 Nxf6 14. Qxf6 Rh6 
15. Qg5 Rg6 16. Qe3 O-O-O 17. O-O-O f5 18. Kb1 Rxg2 19. h4 Rg7 20. Bf3 Rh7 
21. h5 Bh6 22. Qe2 Rhd7 23. Rhg1 Rxd4 24. Rxd4 Rxd4 25. Rg6 Bf4 26. a4 b4 
27. Rg8+ Rd8 28. Rxd8+ Qxd8 29. Qxc4 bxc3 30. Qxf4 Qd3+ 31. Kc1 Qf1+ 
32. Kc2 Qxf2+ 33. Kxc3 Kc7 34. h6 c5 35. Qd2 Qxf3+ 36. Qd3 Qf2 37. Qd6+ Kc8 
38. Qxe6+ Kc7 39. Qf7+ Kb8 40. Qg8+ Kc7 41. Qf7+ Kb6 42. Qb3+ Kc7 43. Qf7+ 
1/2-1/2

[Event "Sunday 14 January 2nd Tour 7+2 Rounds 9 Starts 2200 ST"]
[Site "Infinity Chess"]
[Date "2018.1.14"]
[Round "2"]
[White "Thinker"]
[Black "Murx"]
[Result "1/2-1/2"]
[ECO "C50"]
[WhiteElo "2486"]
[BlackElo "2497"]
[WhiteEngine "BrainFish_180106_x64_modern_CTG"]
[BlackEngine "BrainFish_171226_x64_modern"]
[EventType "Swiss"]
[WhiteTeam ""]
[BlackTeam ""]
[PlyCount "170"]
[TimeControl "420+2"]

1. e4 e5 2. Nf3 Nc6 3. Bc4 Bc5 4. O-O Nf6 5. d3 d6 6. c3 O-O 7. h3 a6 8. Re1 b5 
9. Bb3 Bb6 10. Nbd2 Na5 11. Bc2 c5 12. Nf1 h6 13. Ng3 Be6 14. d4 cxd4 
15. cxd4 Qc8 16. Re2 Re8 17. d5 Bd7 18. Rb1 Qd8 19. Bd3 Qe7 20. Nh4 g6 
21. Nf3 Kg7 22. Rc2 Rec8 23. Rxc8 Rxc8 24. Qd2 Ng8 25. b3 Qe8 26. Qe2 f6 
27. Be3 Bxe3 28. Qxe3 Nb7 29. Qb6 Rb8 30. Be2 a5 31. Rc1 Qd8 32. Qa6 b4 
33. Nd2 h5 34. Nc4 Qc7 35. Rc2 Rc8 36. Qa7 Nd8 37. Qe3 h4 38. Nf1 Qb8 
39. Nfd2 Bb5 40. Bd1 Bxc4 41. Nxc4 Rc5 42. Qf3 Nh6 43. g3 hxg3 44. Qxg3 Kh7 
45. f4 Ndf7 46. Rg2 Qg8 47. h4 exf4 48. Qxf4 Qd8 49. Qg3 Qg8 50. Qe3 Qf8 
51. Qg3 Qg8 52. Bg4 Rc7 53. Be6 Qg7 54. Qf4 Ne5 55. Nxe5 fxe5 56. Qf2 Rc1+ 
57. Kh2 Rc7 58. Qg3 Qf6 59. Qg5 Qxg5 60. hxg5 Nf7 61. Bxf7 Rxf7 62. Kg3 Rf4 
63. Rf2 Rxe4 64. Rf7+ Kh8 65. Rf6 Kg7 66. Kf3 Re1 67. Rxd6 e4+ 68. Kg4 e3 
69. Rd7+ Kf8 70. Kf3 e2 71. Rd6 Kf7 72. Rf6+ Kg7 73. Rd6 Rg1 74. Kxe2 Rxg5 
75. Kd3 Kf7 76. Rd7+ Kf6 77. Kc4 Rg4+ 78. Kb5 Rg2 79. Kxa5 Rxa2+ 80. Kxb4 g5 
81. d6 Ke6 82. Rg7 Kxd6 83. Rxg5 Kc6 84. Rg1 Rb2 85. Rf1 Kb6 1/2-1/2

[Event "Sunday 14 January 2nd Tour 7+2 Rounds 9 Starts 2200 ST"]
[Site "Infinity Chess"]
[Date "2018.1.14"]
[Round "2"]
[White "CrossingJordan"]
[Black "Coco69"]
[Result "1/2-1/2"]
[ECO "C50"]
[WhiteElo "2510"]
[BlackElo "2498"]
[WhiteEngine "asmFishW_2017-12-20_bmi2_CTG"]
[BlackEngine "asmfishw_2018-01-12_base"]
[EventType "Swiss"]
[WhiteTeam ""]
[BlackTeam ""]
[PlyCount "129"]
[TimeControl "420+2"]

1. e4 e5 2. Nf3 Nc6 3. Bc4 Bc5 4. O-O Nf6 5. d3 d6 6. c3 a5 7. Re1 Ba7 
8. Nbd2 Ne7 9. Bb3 O-O 10. h3 Ng6 11. Nf1 c6 12. d4 exd4 13. Nxd4 Re8 14. Ng3 h6 
15. Be3 Nh4 16. f4 Nxe4 17. Nxe4 Rxe4 18. Qh5 d5 19. Bc2 c5 20. Nb5 g6 
21. Qd1 Rxe3 22. Rxe3 Bb6 23. Qe2 Bd7 24. Kh2 d4 25. Re5 Qf6 26. Rf1 Bc6 
27. Be4 Rd8 28. Bxc6 Qxc6 29. c4 Nf5 30. b3 Bc7 31. Nxc7 Qxc7 32. Re8+ Rxe8 
33. Qxe8+ Kh7 34. g4 Ne3 35. Rf2 a4 36. Kh1 Kg7 37. Qe5+ Qxe5 38. fxe5 a3 
39. Rf6 Nd1 40. Rb6 Nc3 41. Rxb7 Kf8 42. Kg2 Nxa2 43. Ra7 Nc1 44. Rxa3 d3 
45. Ra6 d2 46. Rd6 Nxb3 47. Rd3 Ke8 48. h4 Kf8 49. g5 hxg5 50. hxg5 Ke7 
51. Kg3 Ke6 52. Kf4 Ke7 53. e6 fxe6 54. Ke3 Ke8 55. Ke4 Ke7 56. Ke3 Ke8 
57. Kf4 Kf7 58. Ke5 Ke7 59. Ke4 Kf7 60. Kf4 Kf8 61. Rd8+ Ke7 62. Rd3 Kf7 
63. Rd7+ Ke8 64. Rd3 Ke7 65. Ke3 1/2-1/2